 Dungeon Crawl Stone Soup version 0.30-a0-1094-g860fb061e7 (webtiles) character file.

Game seed: 5295936962228137042

10574 lunkers the Geomancer (level 12, -1/87 HPs)
             Began as a Meteoran Earth Elementalist on Apr 13, 2023.
             Was a Priest of Hepliaklqana.
             Slain by a blink frog (10 damage)
             ... on level 1 of the Lair of Beasts on Apr 17, 2023.
             The game lasted 00:18:26 (4208 turns).

lunkers the Geomancer (Meteoran Earth Elementalist) Turns: 4208, Time: 00:18:27

Health: -1/87      AC:  8    Str: 10    XL:     12   Next: 21%
Magic:  0/27       EV: 21    Int: 21    God:    Hepliaklqana [***...]
Gold:   386        SH:  0    Dex: 16    Spells: 17/32 levels left

rFire   . . .      SeeInvis .    a - +3 dagger (venom)
rCold   . . .      Faith    .    (no shield)
rNeg    . . .      Spirit   .    A - +1 steam dragon scales
rPois   .          Reflect  .    p - +0 helmet
rElec   .          Rampage  .    (no cloak)
rCorr   .                        (no gloves)
Will    +....                    e - +0 pair of boots
Stlth   +                        (no amulet)
HPRegen 0.34/turn                x - +5 ring of evasion
MPRegen 0.20/turn                (no ring)

@: glowing, studying Unarmed Combat
A: reduced essence, sense surroundings 2, otherworldly, glowing, explore regen
a: Renounce Religion, Ancestor Life: Knight, Ancestor Life: Battlemage, Ancestor
Life: Hexer, Recall Ancestor, Ancestor Identity, Transference


You were on level 1 of the Lair of Beasts.
You worshipped Hepliaklqana.
Hepliaklqana was most pleased with you.
You visited 2 branches of the dungeon, and saw 10 of its levels.
You also visited: Sewer.

You collected 386 gold pieces.

Inventory:

Hand Weapons
 a - a +3 dagger of venom (weapon)
 n - a +0 dagger of freezing
 q - a +1 dagger of venom
Armour
 e - a +0 pair of boots (worn)
 p - a +0 helmet (worn)
 y - the +1 ring mail "Vohewigg" {rN+ rCorr Dex+3}
   (You found it on level 8 of the Dungeon)

   Dex:       It affects your dexterity (+3).
   rN:        It protects you from negative energy.
   rCorr:     It protects you from acid and corrosion.
 A - +1 steam dragon scales (worn)
Jewellery
 x - a +5 ring of evasion (left hand)
Wands
 v - a wand of acid (1)
 w - a wand of flame (21)
Scrolls
 i - 4 scrolls of teleportation
 o - 2 scrolls of amnesia
 u - 2 scrolls of blinking
 z - a scroll of enchant weapon
 B - 2 scrolls of magic mapping
Potions
 b - a potion of magic
 c - 2 potions of invisibility
 d - 2 potions of brilliance
 f - 2 potions of heal wounds
 g - 3 potions of haste
 h - 5 potions of might
 j - a potion of cancellation
 k - 6 potions of curing
 l - a potion of attraction
 m - 2 potions of flight
 r - a potion of lignification
 s - 2 potions of mutation {unknown}
 t - a potion of degeneration {unknown}


   Skills:
 + Level 6.9 Fighting
 + Level 8.3 Dodging
 - Level 1.4 Stealth
 - Level 10.7 Spellcasting
 - Level 4.0 Conjurations
 - Level 7.0 Transmutations
 * Level 13.5 Earth Magic


You had 17 spell levels left.
You knew the following spells:

 Your Spells              Type           Power      Damage    Failure   Level
a - Stone Arrow           Conj/Erth      96%        3d13      1%          3
b - Passwall              Tmut/Erth      44%        N/A       1%          2
c - Sandblast             Erth           100%       2d20      1%          1
d - Petrify               Tmut/Erth      53%        N/A       1%          4
e - Lee's Rapid Deconstr  Erth           31%        3d16*     1%          5

Your spell library contained the following spells:

 Spells                   Type           Power      Damage    Failure   Level
 Magic Dart               Conj           100%       1d8       1%          1
 Searing Ray              Conj           56%        2d6       1%          2
 Leda's Liquefaction      Hex/Erth       19%        N/A       3%          4
 Call Canine Familiar     Summ           11%        N/A       19%         3
 Portal Projectile        Hex/Tloc       22%        N/A       19%         3
 Volatile Blastmotes      Fire/Tloc      22%        2d11      19%         3
 Fulminant Prism          Conj/Hex       9%         3d7       26%         4
 Iskenderun's Mystic Bla  Conj/Tloc      19%        2d6       26%         4


Dungeon Overview and Level Annotations

Branches:
Dungeon (9/15) Zot: 1631   Temple (0/1) D:5            Lair (1/5) D:9 Zot: 225
  Sewer (visited)
    Orc: D:9-12

Altars:
Elyvilon
Hepliaklqana
Nemelex Xobeh
Ru
Trog
Yredelemnul
The Shining One

Portals:
Abyss: D:5

Annotations:
D:5 1 transporter, Ghostmaker01's ghost, novice MiFi


Innate Abilities, Weirdness & Mutations

Your life essence is reduced to manifest your ancestor. (-10% HP)
You passively map the area around you.
You are easily found by Zot.
You glow in the dark.
You regain HP and MP as you explore.


Message History

The blink frog blinks!
Unknown command.
Aiming: Sandblast (safe; 1% risk of failure)
Press: ? - help, Q - select action, (/) - cycle Shift-Dir - straight line, f/p - blink frog
Aim: a blink frog (severely wounded, 74% to hit)
The blast of sand hits the blink frog!!
You kill the blink frog!
* * * LOW MAGIC WARNING * * *
Unknown command.
The blink frog attacks as you move away!
The blink frog misses you.
You don't have enough magic to cast this spell.
Unknown command.
Unknown command.
Okay, then.
Aiming: Throw Flame
Press: ? - help, Shift-Dir - straight line, f - blink frog
Aim: a blink frog (45% to hit)
The puff of flame hits the blink frog.
The blink frog is lightly wounded.
The blink frog barely misses you.
Unknown command.
Unknown command.
Aiming: Throw Flame
Press: ? - help, Shift-Dir - straight line, f/p - blink frog
Aim: a blink frog (lightly wounded, 45% to hit)
The puff of flame hits the blink frog.
The blink frog is moderately wounded.
The blink frog hits you.
* * * LOW HITPOINT WARNING * * *
The blink frog closely misses you.
Unknown command.
Unknown command.
Aiming: Sandblast (safe; 1% risk of failure)
Press: ? - help, Q - select action, (/) - cycle Shift-Dir - straight line, f/p - blink frog
Aim: a blink frog (moderately wounded, 74% to hit)
The blast of sand misses the blink frog.
* * * LOW MAGIC WARNING * * *
The blink frog closely misses you. The blink frog hits you!
You die...

, #8.>#....#* ...........#. , ,
##...#....#* . #...........
#....#....##P.###..........
,###...#......................
* ,
#F...........................
......##.....#######.##........
.=.... +##...####..###P...)....
,,....F ,
#...##......##...#..## * ...##,
*#...F@......#....#.... 8.#
#...##......#P...#.... .+
,#...##..†...##........ , * ,
#....#......##...#.... ,
#....+......##........ ,,
#...######'##....##.## , , *
#...######.##......... , ,
...................... , , , ,,
.......................


You could see a blink frog.

Vanquished Creatures
  A catoblepas (Lair:1)
  3 cane toads (Lair:1)
  Maggie (D:6)
  A komodo dragon (D:9)
  A troll (D:9)
  Grinder (D:6)
  3 blink frogs (Lair:1)
  A vampire (D:9)
  A wyvern (D:8)
  20 yaks
  A steam dragon (D:9)
  Menkaure (D:7)
  3 water moccasins
  2 orc warriors
  2 ice beasts
  2 ogres
  5 black bears
  3 centaurs
  2 kobold brigands (Sewer)
  3 bullfrogs
  5 scorpions
  6 wights (D:8)
  10 killer bees
  4 howler monkeys
  A jelly (D:5)
  4 hounds
  4 orc priests
  A gnoll bouda (D:9)
  A sleepcap (D:5)
  6 iguanas
  4 orc wizards
  9 gnolls
  7 adders
  2 river rats (Sewer)
  4 white imps
  An ufetubus (D:5)
  3 worms
  22 orcs
  3 endoplasms
  6 giant cockroaches
  4 hobgoblins
  A jackal (Sewer)
  5 quokkas
  2 ball pythons
  A bat (D:4)
  3 frilled lizards
  4 goblins
  8 kobolds
  4 rats
192 creatures vanquished.

Vanquished Creatures (collateral kills)
  An orc warrior (D:6)
  An orc priest (D:6)
  A hound (D:5)
  An orc (D:6)
4 creatures vanquished.

Vanquished Creatures (others)
  32 fungi
  9 plants
41 creatures vanquished.

Grand Total: 237 creatures vanquished

Notes
Turn   | Place    | Note
-------+----------+-------------------------------------------
     0 | D:1      | lunkers the Meteoran Earth Elementalist began the quest for
                  | the Orb.
     0 | D:1      | Reached XP level 1. HP: 14/14 MP: 5/5
    60 | D:1      | Reached XP level 2. HP: 20/20 MP: 4/6
    78 | D:1      | Reached skill level 4 in Earth Magic
   222 | D:2      | Reached XP level 3. HP: 26/26 MP: 4/8
   305 | D:2      | Reached XP level 4. HP: 31/33 MP: 4/10
   445 | D:2      | Reached skill level 5 in Earth Magic
   457 | D:2      | Learned a level 2 spell: Passwall
   461 | D:2      | Learned a level 3 spell: Stone Arrow
   520 | D:3      | Reached XP level 5. HP: 38/38 MP: 8/11
   622 | D:3      | Found a hazy altar of Hepliaklqana.
   647 | D:3      | Became a worshipper of Hepliaklqana the Forgotten
   705 | D:4      | Reached XP level 6. HP: 45/45 MP: 13/13
   742 | D:4      | Learned a level 4 spell: Petrify
   864 | D:4      | Reached skill level 6 in Earth Magic
   883 | D:4      | HP: 1/45 [something/magic dart (4)]
   968 | D:4      | Found a sacrificial altar of Ru.
   982 | D:4      | Reached XP level 7. HP: 45/50 MP: 10/14
  1075 | D:4      | Found a bloodstained altar of Trog.
  1106 | D:5      | Entered Level 5 of the Dungeon
  1127 | D:5      | Noticed a water moccasin
  1130 | D:5      | Killed a water moccasin
  1131 | D:5      | Reached skill level 7 in Earth Magic
  1238 | D:5      | Found a glowing drain.
  1242 | Sewer    | Entered a sewer
  1245 | Sewer    | Reached skill level 5 in Spellcasting
  1301 | Sewer    | Reached XP level 8. HP: 21/57 MP: 5/17
  1318 | Sewer    | Reached * piety under Hepliaklqana
  1347 | Sewer    | Found a white marble altar of Elyvilon.
  1528 | D:5      | Found a staircase to the Ecumenical Temple.
  1570 | D:5      | Found a one-way gate to the infinite horrors of the Abyss.
  1570 | D:5      | Noticed Ghostmaker01's ghost (novice MiFi)
  1581 | D:5      | Found a transporter.
  1589 | D:5      | Reached skill level 8 in Earth Magic
  1638 | D:5      | Reached skill level 9 in Earth Magic
  1822 | D:5      | Gained mutation: You passively map the area around you.
                  | [Meteoran growth]
  1822 | D:5      | Reached XP level 9. HP: 55/55 MP: 7/20
  1900 | D:6      | Noticed Grinder
  1906 | D:6      | Killed Grinder
  1907 | D:6      | Reached skill level 10 in Earth Magic
  2125 | D:6      | Reached skill level 11 in Earth Magic
  2138 | D:6      | Found a white marble altar of Elyvilon.
  2178 | D:6      | Noticed Maggie
  2188 | D:6      | Killed Maggie
  2273 | D:6      | Reached skill level 12 in Earth Magic
  2273 | D:6      | Reached XP level 10. HP: 53/62 MP: 1/23
  2405 | D:6      | Reached skill level 1 in Fighting
  2571 | D:7      | Noticed Menkaure
  2573 | D:7      | Killed Menkaure
  2610 | D:7      | Upgraded the game from 0.30-a0-1066-g63dfefce0d to
                  | 0.30-a0-1094-g860fb061e7
  2758 | D:8      | Identified the +1 ring mail "Vohewigg" {rN+ rCorr Dex+3}
  2845 | D:8      | Reached skill level 5 in Transmutations
  2914 | D:8      | Reached ** piety under Hepliaklqana
  3276 | D:9      | Reached skill level 5 in Dodging
  3292 | D:9      | Reached XP level 11. HP: 60/74 MP: 3/25
  3335 | D:9      | Reached skill level 10 in Spellcasting
  3431 | D:9      | Found a staircase to the Lair.
  3470 | D:9      | Reached skill level 5 in Fighting
  3496 | D:9      | Learned a level 5 spell: Lee's Rapid Deconstruction
  3505 | D:9      | Found a glowing golden altar of the Shining One.
  3510 | D:9      | Found a basalt altar of Yredelemnul.
  3512 | D:9      | Noticed a profane servitor
  3683 | D:9      | Found a sparkling altar of Nemelex Xobeh.
  3848 | Lair:1   | Entered Level 1 of the Lair of Beasts
  3862 | Lair:1   | Reached *** piety under Hepliaklqana
  3954 | Lair:1   | Noticed a catoblepas
  3961 | Lair:1   | Killed a catoblepas
  3962 | Lair:1   | Reached skill level 13 in Earth Magic
  4066 | Lair:1   | Reached XP level 12. HP: 79/87 MP: 12/27
  4208 | Lair:1   | Slain by a blink frog

Illustrated notes

Levels and vault maps discovered:
D:1:      evilmike_arrival_grusome_pit, layout_basic
D:2:      layout_loops_cross, serial_forest, infiniplex_forest_clump_tiny,
          infiniplex_forest_lined_3, infiniplex_forest_end_1,
          infiniplex_forest_lined_ring, infiniplex_forest_clump_tiny,
          infiniplex_forest_lined_corner, infiniplex_forest_lined_2,
          infiniplex_forest_split, infiniplex_forest_join,
          kennysheep_small_spiral, uniq_robin
D:3:      layout_loops_ring, pdpol_temple_overflow_zin_treasury_gozag_greed,
          led_sif_pool, mainiacjoe_overflow_catwalk, okawaru_gym_becter,
          general_overflow_altar, uniq_crazy_yiuf_cottage, uniq_ijyb
D:4:      layout_cave_pools, nicolae_ru_great_annihilating_truth,
          mainiacjoe_overflow_boulevard, corexii_item_surrounded_by_moat
D:5:      layout_gridville, minmay_temple_entry_sparse_star,
          gammafunk_ghost_abyssal_escape, gup_sewer_entry_spiral,
          minmay_manual_mares
D:6:      layout_loops_ring, elyvilon_altar_1, uniq_grinder, uniq_maggie
D:7:      layout_basic, ashenzari_conservatory_becter, uniq_menkaure
D:8:      layout_basic, slow_altar_1, lemuel_flamethrower_1, uniq_erica
D:9:      kennysheep_steamy, layout_basic, grunt_temple_overflow_holy_war,
          nemelex_altar_shiori, grunt_lair_entry_orc_guard_hut
Lair:1:   layout_regular_city, beast_lair_carwin_5, serial_bayou_shore_b,
          grunt_megastairs_5

Skill      XL: |  1  2  3  4  5  6  7  8  9 10 11 12 |
---------------+-------------------------------------+-----
Earth Magic    | 4 5 6 7 9 12 13 | 13.5
Spellcasting   | 3 4 5 6 8 9 10 | 10.7
Conjurations   | 2 3 4 |  4.0
Transmutations | 6 7 |  7.0
Fighting       | 3 6 |  6.9
Dodging        | 5 7 8 |  8.3
Stealth        | |  1.4

Action                     |  1- 3 |  4- 6 |  7- 9 | 10-12 || total
---------------------------+-------+-------+-------+-------++-------
  Melee: Unarmed           |       |     2 |       |       ||     2
         Dagger            |       |     1 |    15 |    51 ||    67
   Cast: Sandblast         |    24 |    51 |    73 |    79 ||   227
         Stone Arrow       |       |     2 |    49 |   106 ||   157
  Evoke: Wand              |       |       |       |     6 ||     6
    Use: Scroll            |       |       |    10 |    11 ||    21
   Stab: Distracted        |       |     1 |       |       ||     1
         Paralysed         |       |       |       |     4 ||     4
 Armour: Robe              |     1 |     7 |    13 |       ||    21
         Steam dragon scal |       |       |     4 |    34 ||    38
  Dodge: Dodged            |     2 |    13 |    48 |   133 ||   196

Table legend: (Time is in decaauts)
 A = Elapsed time spent in this place.
 B = Non-inter-level travel time spent in this place.
 C = Inter-level travel time spent in this place.
 D = Time resting spent in this place.
 E = Time spent auto-exploring this place.
 F = Levels seen in this place.
 G = Mean time per level.
                   A        B        C        D        E       F      G
               +--------+--------+--------+--------+--------+-----+--------+
         Total |   4399 |   4304 |     95 |      0 |   2672 |  11 |  399.9 |
       Dungeon |   3768 |   3674 |     94 |      0 |   2307 |   9 |  418.7 |
          Lair |    372 |    372 |      0 |      0 |    210 |   1 |  372.0 |
         Sewer |    258 |    258 |      0 |      0 |    155 |   1 |  258.0 |
               +--------+--------+--------+--------+--------+-----+--------+

Top non-repeatable levels by time:
     D:9: 864 daAuts
     D:6: 599 daAuts
     D:5: 578 daAuts
     D:4: 445 daAuts
  Lair:1: 372 daAuts
     D:2: 316 daAuts
     D:7: 299 daAuts
     D:8: 281 daAuts
   Sewer: 258 daAuts
     D:1: 216 daAuts
     D:3: 167 daAuts
